 Dungeon Crawl Stone Soup version 0.32-a0-589-g2d1f746d5d (webtiles) character file.

Game seed: 17292309214457116634

26835 protoss039 the Fighter (level 13, 114/114 HPs)
             Began as a Demonspawn Earth Elementalist on Mar 1, 2024.
             Was a Believer of Vehumet.
             Got out of the dungeon alive.
             The game lasted 00:44:24 (16992 turns).

protoss039 the Fighter (DsEE)                      Turns: 16992, Time: 00:44:25

Health: 114/114    AC: 19    Str: 15    XL:     13   Next: 1%
Magic:  27/27      EV: 11    Int: 20    God:    Vehumet [**....]
Gold:   1172       SH:  5    Dex: 14    Spells: 13/33 levels left

rFire   . . .        a - +7 dagger (venom)
rCold   . . .        E - +0 buckler
rNeg    . . .        S - quicksilver dragon scales
rPois   .            y - +0 helmet
rElec   .            G - +0 cloak
rCorr   .            h - +0 pair of gloves
SInv    .            R - +0 pair of boots
Will    +....        u - amulet of regeneration
Stlth   ++           j - +6 ring of strength
HPRegen 1.19/turn    J - ring of wizardry
MPRegen 0.20/turn

%: wizardry (x1)
@: no status effects
A: slimy green scales 2, foul stench 2, demonic magic 1, demonic touch 2
a: Renounce Religion


You escaped.
You worshipped Vehumet.
Vehumet was pleased with you.
You visited 3 branches of the dungeon, and saw 16 of its levels.

You collected 1172 gold pieces.

Inventory:

Hand Weapons
 a - a +7 dagger of venom (weapon)
 p - a +1 broad axe of flaming
 T - a +2 dagger of draining
Armour
 h - a +0 pair of gloves (worn)
 m - a +2 robe of cold resistance
 s - +0 acid dragon scales
 y - a +0 helmet (worn)
 B - the +2 robe of Uvuf {Harm rElec Str+6 Int-4}
   (You found it on level 4 of the Dungeon)

   Str+6:     It affects your strength (+6).
   Int-4:     It affects your intelligence (-4).
   rElec:     It insulates you from electricity.
   Harm:      It increases damage dealt and taken.
 E - a +0 buckler (worn)
 G - a +0 cloak (worn)
 L - +0 steam dragon scales
 R - a +0 pair of boots (worn)
 S - quicksilver dragon scales (worn)
 Y - a +2 leather armour of fire resistance
Jewellery
 j - a +6 ring of strength (left hand)
 t - a ring of ice
 u - an amulet of regeneration (around neck)
 J - a ring of wizardry (right hand)
Wands
 i - a wand of polymorph (19)
 x - a wand of warping (9)
 K - a wand of charming (17)
 W - a wand of mindburst (9)
 X - a wand of flame (7)
Scrolls
 e - 2 scrolls of identify
 g - 3 scrolls of revelation
 k - 2 scrolls of enchant armour {unknown}
 l - a scroll of amnesia {unknown}
 n - 3 scrolls of brand weapon {unknown}
 q - 11 scrolls of teleportation
 r - 6 scrolls of fear
 v - 2 scrolls of torment {unknown}
 w - a scroll of noise {unknown}
 z - 5 scrolls of poison
 A - 2 scrolls of blinking
 C - 4 scrolls of immolation
 D - 4 scrolls of fog
 P - 4 scrolls of vulnerability {unknown}
 V - a scroll of summoning {unknown}
Potions
 b - 2 potions of magic
 c - 3 potions of haste
 d - 5 potions of heal wounds
 f - 2 potions of invisibility
 o - a potion of ambrosia {unknown}
 F - 2 potions of enlightenment {unknown}
 H - a potion of lignification {unknown}
 I - 2 potions of resistance {unknown}
 M - 3 potions of attraction {unknown}
 N - 2 potions of mutation {unknown}
 O - 2 potions of brilliance {unknown}
 Q - a potion of curing


   Skills:
 + Level 14.7 Fighting
 - Level 3.0 Short Blades
 * Level 5.9 Armour
 - Level 3.0 Dodging
 - Level 3.0 Stealth
 - Level 6.0 Shields
 + Level 10.5 Spellcasting
 + Level 7.2 Conjurations
 - Level 3.0 Fire Magic
 - Level 3.0 Ice Magic
 - Level 3.0 Air Magic
 - Level 6.1 Earth Magic
 - Level 3.0 Alchemy


You had 13 spell levels left.
You knew the following spells:

 Your Spells              Type           Power      Damage    Failure   Level
a - Sandblast             Erth           70%        2d15      1%          1
b - Passwall              Erth           35%        N/A       1%          3
c - Stone Arrow           Conj/Erth      74%        3d11      1%          3
e - Olgreb's Toxic Radia  Alch           22%        N/A       17%         4
f - Ignite Poison         Fire/Alch      22%        N/A       17%         4
h - Freezing Cloud        Conj/Ice/Air   14%        6-21      26%         5

Your spell library contained the following spells:

 Spells                   Type           Power      Damage    Failure   Level
 Static Discharge         Conj/Air       62%        3-6/arc   1%          2
 Sting                    Conj/Alch      100%       1d9       1%          1
 Mercury Vapours          Alch/Air       44%        N/A       2%          2
 Momentum Strike          Conj/Tloc      50%        3d9       2%          2
 Hailstorm                Conj/Ice       31%        3d8       2%          3
 Cigotuvi's Dreadful Rot  Necr/Alch/Air  36%        N/A       4%          2
 Brom's Barrelling Bould  Conj/Erth      37%        2d6       4%          4
 Necrotise                Necr           40%        1d6       6%          1
 Blink                    Tloc           20%        N/A       10%         2
 Petrify                  Alch/Erth      28%        N/A       10%         4
 Summon Ice Beast         Ice/Summ       16%        N/A       11%         3
 Tukima's Dance           Hex            10%        N/A       19%         3
 Arcjolt                  Conj/Air       15%        1d25      21%         5
 Vhi's Electric Charge    Tloc/Air       32%        N/A       32%         4
 Passage of Golubria      Tloc           10%        N/A       50%         4
 Yara's Violent Unravell  Hex/Alch       8%         3d5       65%         5
 Sculpt Simulacrum        Ice/Alch       11%        N/A       93%         6
 Summon Hydra             Summ           5%         N/A       100%        7
 Disjunction              Tloc           5%         N/A       100%        8
 Maxwell's Capacitive Co  Air            11%        ∞         100%        8


Dungeon Overview and Level Annotations

Branches:
Dungeon (12/15) Zot: 26212  Temple (1/1) D:5 Zot: 5998    Lair (3/5) D:8 Zot: 14266
    Orc (0/2) D:10
  Swamp: Lair:2-3    Shoals: Lair:2-3     Snake: Lair:2-3    Spider: Lair:2-3

Altars:
Ashenzari
Cheibriados
Dithmenos
Fedhas
Gozag
Hepliaklqana
Kikubaaqudgha
Makhleb
Nemelex Xobeh
Okawaru
Qazlal
Ru
Sif Muna
Trog
Uskayaw
Vehumet
Wu Jian
Xom
Yredelemnul

Shops:
D:12 *

Annotations:
D:11 exclusion: downstairs
D:12 exclusion: upstairs, Azrael
Lair:1 1 runed translucent door, GrimJard's ghost, novice DrCj


Innate Abilities, Weirdness & Mutations

You are mostly covered in slimy green scales. (AC +3)
You sometimes emit foul miasma when damaged in melee.
Spells you cast may paralyse adjacent enemies.
Your touch may inflict irresistible damage on your foes.


Message History

You climb upwards.
There is a stone staircase leading down here.
There is a stone staircase leading up here.
You climb upwards.
Level annotation: 1 runed translucent door, GrimJard's ghost, novice DrCj
There is a stone staircase leading down, spattered with blood here.
You see here a +0 ring mail.
You see here a bullfrog skeleton.
There is a staircase back to the Dungeon here.
You climb upwards.
Welcome back to the Dungeon!
Magic restored.
There is a staircase to the Lair here.
There is a stone staircase leading up here.
You climb upwards.
There is a stone staircase leading down here.
There is a stone staircase leading up here.
You climb upwards.
There is a stone staircase leading down here.
There is a stone staircase leading up here.
You climb upwards.
There is a stone staircase leading down here.
There is a stone staircase leading up, spattered with blood here.
You climb upwards.
There is a stone staircase leading down here.
There is a stone staircase leading up here.
You climb upwards.
There is a stone staircase leading down here.
There is a stone staircase leading up here.
You climb upwards.
There is a stone staircase leading down here.
There is a stone staircase leading up here.
You climb upwards.
There is a stone staircase leading down here.
There are no items here.
You can't go up here!
You can't go up here!
Unknown command.
You enter the shallow water.
Moving in this stuff is going to be slow.
There is a staircase leading out of the dungeon here.
You have escaped!

♣♣~PP~PPP#.#####............#.#.#
#~P~♣P~~##.# #.........(......#
#)##~~♣###.# ##########'#.....#
#.###♣## #.# #..## ##.#......
.......# #.#######..# #.##.....#
#.####.# #.....# ##.## #.###...##
#.####.#####...# ##..####.###.###
..........##.#####....###.###....
#.####.##......#@..#...#.##....÷.
#.# #.......####.###.#####.#####
#.# ######..# ##.# #.# #.# #.#
#..# #..# #.### #.##
#.#########..# #.####...###..#
#.........#..# #.###..#..###.#
##.###..#.#..# #..##.###..##.#
.............# ##.....###.##.#
....####.....# #.#..### #.##.#


There were no monsters in sight!

Vanquished Creatures
  Gastronok (Lair:1)
  4 two-headed ogres
  6 death yaks
  A cyclops (D:12)
  A black mamba (Lair:3)
  Maggie (D:8)
  8 komodo dragons
  9 cane toads
  4 rime drakes
  A polar bear (Lair:3)
  A troll (D:10)
  A hornet (D:9)
  A vampire (D:10)
  A shadow (D:11)
  A wyvern (D:9)
  A wraith (D:10)
  3 fire elementals (D:12)
  22 yaks
  2 basilisks (Lair:1)
  5 steam dragons
  4 vampire mosquitoes (D:11)
  Menkaure (D:6)
  5 acid dragons
  9 water moccasins
  A hell hound (D:11)
  6 orc warriors
  3 sky beasts
  6 ice beasts
  An ogre (D:6)
  A wolf (D:8)
  5 centaurs
  4 kobold brigands
  4 phantoms
  Blork the orc (D:6)
  12 bullfrogs
  2 gnoll sergeants
  5 scorpions
  11 wights
  3 killer bees (D:9)
  A howler monkey (D:4)
  An electric eel (Lair:3)
  3 hounds
  4 orc priests
  A jelly (D:5)
  A sleepcap (D:6)
  5 iguanas
  Terence (D:3)
  12 orc wizards
  Robin (D:3)
  8 gnolls
  7 adders
  2 shadow imps (D:7)
  A ribbon worm (D:2)
  4 dart slugs
  35 orcs
  6 ball pythons
  7 endoplasms
  3 giant cockroaches
  13 goblins
  9 hobgoblins
  4 jackals (D:2)
  A quokka (D:2)
  6 bats
  3 frilled lizards
  16 kobolds
  5 rats
318 creatures vanquished.

Vanquished Creatures (others)
  A kobold (D:9)
1 creature vanquished.

Grand Total: 319 creatures vanquished

Notes
Turn   | Place    | Note
-------+----------+-------------------------------------------
     0 | D:1      | protoss039 the Demonspawn Earth Elementalist began the
                  | quest for the Orb.
     0 | D:1      | Reached XP level 1. HP: 13/13 MP: 3/3
   537 | D:1      | Gained mutation: Your touch may inflict minor irresistible
                  | damage on your foes. [demonic ancestry]
   537 | D:1      | Reached XP level 2. HP: 20/20 MP: 1/5
  1037 | D:2      | Reached skill level 1 in Fighting
  1331 | D:2      | Reached XP level 3. HP: 26/26 MP: 6/6
  1848 | D:3      | Found a shadowy altar of Dithmenos.
  1966 | D:3      | Found a faded altar of an unknown god.
  2099 | D:3      | Found a snail-covered altar of Cheibriados.
  2099 | D:3      | Found a basalt altar of Yredelemnul.
  2110 | D:3      | Found a hide-covered altar of Uskayaw.
  2110 | D:3      | Found a bloodstained altar of Trog.
  2117 | D:3      | Found an opulent altar of Gozag.
  2153 | D:3      | Gained mutation: You are partially covered in slimy green
                  | scales. (AC +2) [demonic ancestry]
  2153 | D:3      | Reached XP level 4. HP: 32/32 MP: 4/7
  2401 | D:3      | Noticed Terence
  2410 | D:3      | Killed Terence
  2411 | D:3      | Reached skill level 1 in Short Blades
  2471 | D:3      | Noticed Robin
  2483 | D:3      | Killed Robin
  2527 | D:3      | Learned a level 3 spell: Passwall
  2531 | D:3      | Learned a level 3 spell: Stone Arrow
  2560 | D:4      | Reached skill level 2 in Fighting
  2560 | D:4      | Reached skill level 1 in Armour
  2560 | D:4      | Reached XP level 5. HP: 38/38 MP: 5/9
  2563 | D:4      | Noticed a phantom
  2578 | D:4      | Killed a phantom
  2591 | D:4      | Identified the +2 robe of Uvuf {Harm rElec Str+6 Int-4}
  2614 | D:4      | Gained mutation: You may rarely emit foul miasma when
                  | damaged in melee. [demonic ancestry]
  2614 | D:4      | Reached XP level 6. HP: 35/44 MP: 5/10
  3803 | D:5      | Entered Level 5 of the Dungeon
  3863 | D:5      | You fall into a shaft and drop 3 floors!
  4116 | D:8      | Reached skill level 3 in Fighting
  4116 | D:8      | Gained mutation: You are mostly covered in slimy green
                  | scales. (AC +3) [demonic ancestry]
  4116 | D:8      | Reached XP level 7. HP: 31/52 MP: 2/12
  4131 | D:8      | Noticed a rime drake
  4655 | D:5      | Reached skill level 4 in Fighting
  4828 | D:5      | Reached skill level 5 in Fighting
  4828 | D:5      | Gained mutation: Your touch may inflict irresistible damage
                  | on your foes. [demonic ancestry]
  4828 | D:5      | Reached XP level 8. HP: 49/62 MP: 11/14
  5267 | D:5      | Reached skill level 6 in Fighting
  5267 | D:5      | Reached skill level 5 in Spellcasting
  5306 | D:5      | Found a staircase to the Ecumenical Temple.
  5326 | Temple   | Entered the Ecumenical Temple
  5535 | D:6      | Noticed Blork the orc
  5546 | D:6      | Killed Blork the orc
  5547 | D:6      | Reached skill level 7 in Fighting
  6263 | D:6      | Reached skill level 8 in Fighting
  6263 | D:6      | Reached XP level 9. HP: 74/74 MP: 11/18
  6330 | D:6      | Noticed Menkaure
  6334 | D:6      | Killed Menkaure
  6787 | D:7      | Reached skill level 9 in Fighting
  6910 | D:7      | Reached skill level 5 in Earth Magic
  7799 | D:8      | Found a staircase to the Lair.
  7802 | D:8      | Reached skill level 10 in Fighting
  7943 | D:8      | Killed a rime drake
  8008 | D:8      | Noticed Maggie
  8021 | D:8      | Killed Maggie
  8022 | D:8      | Gained mutation: You sometimes emit foul miasma when
                  | damaged in melee. [demonic ancestry]
  8022 | D:8      | Reached XP level 10. HP: 59/86 MP: 7/21
  8368 | D:8      | Found a hazy altar of Hepliaklqana.
  8530 | D:8      | Reached skill level 1 in Shields
  8897 | D:8      | Learned a level 5 spell: Freezing Cloud
  8912 | D:9      | Noticed a two-headed ogre
  8918 | D:9      | Killed a two-headed ogre
  8919 | D:9      | Reached skill level 11 in Fighting
  8919 | D:9      | Reached skill level 1 in Ice Magic
  8919 | D:9      | Reached skill level 1 in Air Magic
 10104 | D:10     | Entered Level 10 of the Dungeon
 10112 | D:10     | Noticed a two-headed ogre
 10118 | D:10     | Killed a two-headed ogre
 10274 | D:10     | Found a radiant altar of Vehumet.
 10286 | D:10     | Found an ancient bone altar of Kikubaaqudgha.
 10287 | D:10     | Found a shimmering blue altar of Sif Muna.
 10294 | D:10     | Became a worshipper of Vehumet
 10304 | D:10     | Got Kikubaaqudgha's Opusculum on the Mausoleum
 10522 | D:10     | Found a staircase to the Orcish Mines.
 10787 | D:10     | Reached XP level 11. HP: 68/94 MP: 8/23
 11415 | D:11     | Reached * piety under Vehumet
 11415 | D:11     | Offered knowledge of Foxfire by Vehumet.
 11794 | D:11     | Found a broken altar of Ashenzari.
 11805 | D:11     | Noticed a two-headed ogre
 11812 | D:11     | Killed a two-headed ogre
 11813 | D:11     | Reached skill level 12 in Fighting
 11813 | D:11     | Reached skill level 5 in Shields
 11960 | D:11     | Reached skill level 5 in Conjurations
 12258 | D:11     | Noticed a two-headed ogre
 12264 | D:11     | Killed a two-headed ogre
 12395 | D:11     | Noticed a fire crab
 12498 | D:12     | Found Ubroupt's Changing Room.
 12994 | D:12     | Noticed Azrael
 13017 | D:11     | Upgraded the game from 0.32-a0-558-g233958a4c4 to
                  | 0.32-a0-589-g2d1f746d5d
 13109 | Lair:1   | Entered Level 1 of the Lair of Beasts
 13345 | Lair:1   | Noticed Gastronok
 13376 | Lair:1   | Killed Gastronok
 13377 | Lair:1   | Reached skill level 13 in Fighting
 13448 | Lair:1   | Learned a level 4 spell: Olgreb's Toxic Radiance
 13453 | Lair:1   | Learned a level 4 spell: Ignite Poison
 13528 | Lair:1   | Got the Almanac of Disjunct Accomplices
 13548 | Lair:1   | Noticed GrimJard's ghost (novice DrCj)
 13550 | Lair:1   | Found a runed translucent door.
 14047 | Lair:1   | Identified the +3 leather armour of Tufrul {Harm}
 14210 | Lair:1   | Reached skill level 14 in Fighting
 14210 | Lair:1   | Reached XP level 12. HP: 84/107 MP: 9/25
 14989 | Lair:2   | Reached skill level 1 in Fire Magic
 14989 | Lair:2   | Reached skill level 1 in Alchemy
 15134 | Lair:2   | Reached skill level 10 in Spellcasting
 15137 | Lair:2   | Offered knowledge of Searing Ray by Vehumet.
 15140 | Lair:2   | Reached ** piety under Vehumet
 15248 | Lair:2   | Noticed a death yak
 15251 | Lair:2   | Noticed a death yak
 15427 | Lair:2   | Noticed a death yak
 15429 | Lair:2   | Noticed a death yak
 15430 | Lair:2   | Noticed a death yak
 15433 | Lair:2   | Noticed a death yak
 15434 | Lair:2   | Killed a death yak
 15434 | Lair:2   | Killed a death yak
 15434 | Lair:2   | Killed a death yak
 15550 | Lair:1   | Killed a death yak
 16009 | Lair:2   | Killed a death yak
 16010 | Lair:2   | Reached skill level 5 in Armour
 16013 | Lair:2   | Killed a death yak
 16528 | Lair:3   | Offered knowledge of Static Discharge by Vehumet.
 16765 | Lair:3   | Gained mutation: Spells you cast may paralyse adjacent
                  | enemies. [demonic ancestry]
 16765 | Lair:3   | Reached XP level 13. HP: 114/114 MP: 14/27
 16992 | D:$      | Got out of the dungeon alive.

Illustrated notes

Levels and vault maps discovered:
D:1:      dpeg_arrival_round_a, layout_loops_ring, serial_bayou,
          serial_bayou_lagoon_b, serial_bayou_shore_b, serial_bayou_pond_d,
          serial_bayou_crossing, minivault_24, minmay_worlds_worst_comb
D:2:      layout_loops_ring, basic_altar, kennysheep_pointless_box
D:3:      layout_basic, nicolae_overflow_hallway_of_the_gods,
          nicolae_dithmenos_through_a_glass_darkly,
          shapermc_ecumenical_altar_mp_vishouse, minmay_misc_feat_more_columns,
          nicolae_figureground_sparkle, uniq_terence, uniq_robin
D:4:      layout_layer_cave
D:5:      layout_cave_pods, minmay_temple_entry_nine_rooms, serial_bayou_lake_a
D:6:      layout_basic, amethyst_killhole, uniq_menkaure, uniq_blork_the_orc
D:7:      layout_gridville
D:8:      layout_loops_cross, mainiacjoe_overflow_boulevard,
          hellmonk_lair_entry_icy, uniq_maggie
D:9:      layout_loops_ring, nicolae_zig_zag_zippers
D:10:     layout_gridville, grunt_temple_overflow_magic_moments, orc_david_3,
          serial_glass, glass_columns_b, glass_columns_b
D:11:     layout_basic, ashenzari_conservatory_becter
D:12:     layout_grid_maze, nicolae_transmutations_shop, uniq_azrael
Temple:   compressed_dpeg_circular_temple
Lair:1:   layout_hall_layers, hellmonk_ghost_happy_afterlife,
          beast_lair_carwin_1, uniq_gastronok
Lair:2:   layout_misc_corridors, grunt_megastairs_4
Lair:3:   layout_misc_corridors, minmay_shoals_entry_lonely_mermaid,
          minmay_snake_entry_guardpost_medium, patterned_corridor,
          infiniplex_staircase_pool

Skill      XL: |  1  2  3  4  5  6  7  8  9 10 11 12 |
---------------+-------------------------------------+-----
Fighting       | 1 2 3 5 8 10 11 14 | 14.7
Earth Magic    | 3 4 6 |  6.1
Dodging        | 2 3 |  3.0
Stealth        | 2 3 |  3.0
Short Blades   | 1 2 3 |  3.0
Armour         | 1 2 3 5 |  5.9
Spellcasting   | 3 4 6 7 8 9 10 | 10.5
Conjurations   | 3 4 6 7 |  7.2
Shields        | 4 6 |  6.0
Ice Magic      | 3 |  3.0
Air Magic      | 3 |  3.0
Fire Magic     | 3 |  3.0
Alchemy        | 3 |  3.0

Action                     |  1- 3 |  4- 6 |  7- 9 | 10-12 | 13-15 || total
---------------------------+-------+-------+-------+-------+-------++-------
  Melee: Short sword       |     6 |       |       |       |       ||     6
         Dagger            |    29 |    60 |   108 |   200 |       ||   397
         Touch             |     5 |    12 |    25 |     1 |       ||    43
         Flail             |       |     7 |       |       |       ||     7
         Broad axe         |       |       |       |     3 |       ||     3
   Cast: Sandblast         |    37 |    41 |    76 |    95 |       ||   249
         Stone Arrow       |       |     1 |    51 |   261 |       ||   313
         Freezing Cloud    |       |       |       |     1 |       ||     1
         Passwall          |       |       |       |     1 |       ||     1
         Olgreb's Toxic Ra |       |       |       |    12 |       ||    12
         Ignite Poison     |       |       |       |     1 |       ||     1
  Evoke: Wand              |       |       |       |     9 |       ||     9
    Use: Scroll            |     1 |     4 |     8 |     6 |       ||    19
         Potion            |       |     1 |       |     2 |       ||     3
   Stab: Sleeping          |     3 |       |     4 |     2 |       ||     9
         Invisible         |       |     1 |       |       |       ||     1
         Distracted        |       |       |     1 |       |       ||     1
 Armour: Robe              |    29 |    11 |    80 |       |       ||   120
         Ring mail         |       |    51 |       |       |       ||    51
         Steam dragon scal |       |       |    42 |    20 |       ||    62
         Quicksilver drago |       |       |       |   365 |       ||   365
  Dodge: Dodged            |    33 |    48 |   110 |   168 |       ||   359
  Block: Buckler           |       |       |       |    84 |       ||    84

Table legend: (Time is in decaauts)
 A = Elapsed time spent in this place.
 B = Non-inter-level travel time spent in this place.
 C = Inter-level travel time spent in this place.
 D = Time resting spent in this place.
 E = Time spent auto-exploring this place.
 F = Levels seen in this place.
 G = Mean time per level.
                   A        B        C        D        E       F      G
               +--------+--------+--------+--------+--------+-----+--------+
         Total |  17114 |  16238 |    876 |   1925 |  11450 |  16 | 1069.6 |
       Dungeon |  13379 |  12688 |    691 |   1341 |   9160 |  12 | 1114.9 |
        Temple |      1 |      1 |      0 |      0 |      0 |   1 |    1.0 |
          Lair |   3733 |   3549 |    184 |    584 |   2290 |   3 | 1244.3 |
               +--------+--------+--------+--------+--------+-----+--------+

Top non-repeatable levels by time:
  Lair:1: 2039 daAuts
     D:7: 1385 daAuts
     D:8: 1309 daAuts
     D:4: 1302 daAuts
     D:6: 1300 daAuts
     D:9: 1266 daAuts
    D:10: 1259 daAuts
     D:5: 1241 daAuts
    D:11: 1131 daAuts
     D:1: 1098 daAuts
  Lair:2: 1094 daAuts
     D:2: 805 daAuts
     D:3: 764 daAuts
  Lair:3: 599 daAuts
    D:12: 514 daAuts
